Description

I really liked this build because it begins with some interesting marauder harass at the very start, transitioning into constant pressure with marines and drops in the midgame.

Replay - Simulacrum LE (491)

Build Order

Get SALT Encoding   

  12  0:00  SCV  
  13  0:13  SCV  
  14  0:17  Supply Depot  
  14  0:25  SCV  
  15  0:38  SCV  
  15  0:40  Barracks  
  16  0:44  Refinery  
  16  0:50  SCV  
  17  1:02  SCV  
  18  1:15  SCV  
  19  1:29  Reaper, Orbital Command  
  20  1:41  Command Center  
  20  1:50  Barracks  
  20  1:54  SCV  
  21  2:02  Supply Depot  
  21  2:04  Barracks Tech Lab  
  21  2:07  SCV  
  22  2:19  SCV  
  23  2:23  Concussive Shells, Marauder  
  23  2:29  Barracks  
  26  2:42  Barracks Reactor  
  27  2:46  Marauder  
  29  2:53  Orbital Command  
  30  3:00  Refinery  
  30  3:07  Marine, Stimpack  
  32  3:18  Marine x2, Barracks Tech Lab  
  34  3:24  Supply Depot  
  34  3:25  Marine  
  39  3:35  Marine x3  
  39  3:38  Combat Shield  
  42  3:45  Supply Depot  
  44  3:52  Marine x3  
  49  4:09  Factory  
  48  4:16  Engineering Bay  
  52  4:25  Supply Depot  
  52  4:27  Refinery  
  59  4:42  Missile Turret  
  59  4:48  Terran Infantry Weapons Level 1  
  60  4:54  Starport  
  60  4:55  Factory Reactor  
  57  5:12  Marauder x2  
  62  5:33  Marauder x2  
  66  5:37  Medivac x2  
  66  5:40  Widow Mine  
  74  5:53  Refinery  
  74  5:55  Marauder x2  
  80  6:06  Command Center  
  80  6:09  Medivac x2  
  86  6:11  Factory Reactor  
  86  6:16  Marauder  
  90  6:24  Marauder  
  94  6:35  Barracks x2  
  98  6:42  Terran Infantry Armor Level 1  
  98  6:52  Widow Mine x2  
  98  6:53  Medivac  
  110  7:18  Orbital Command  
  116  7:28  Barracks Reactor, Barracks Tech Lab  
  119  7:41  Starport  
  112  8:08  Viking x2  
  120  8:17  Viking x2  
  133  8:38  Viking  
  112  9:07  Medivac x4  
  115  9:14  Refinery x2  
  115  9:15  Ghost Academy  
  117  9:40  Viking x4  
  127  9:47  Enhanced Shockwaves  
  127  9:48  Ghost x2  
  135  10:04  Ghost  
  123  10:25  Missile Turret  
  93  10:46  Viking  
  96  11:46  Liberator x4  
Spawning Tool Build Advisor. Get it on Overwolf

Go to:

Details

  • Created by: kappadar
  • Published on: May 24, 2020
  • Modified on: May 24, 2020
  • Patch: 4.11.0
Show
View Real Time Build Order
Export as new Build Order

Comments (0)

There are no comments. Be the first!

Create an account to comment!